 Dungeon Crawl Stone Soup version 0.27-a0-828-g8289197 (webtiles) character file.

Game seed: 2449316349347625659

37 2tousent the Sneak (level 3, -3/16 HPs)
             Began as a Vine Stalker Enchanter on Mar 30, 2021.
             Slain by an iguana (9 damage)
             ... on level 2 of the Dungeon.
             The game lasted 00:02:16 (1906 turns).

2tousent the Sneak (Vine Stalker Enchanter)         Turns: 1906, Time: 00:02:18

Health: -3/16      AC:  2    Str: 10    XL:     3   Next: 41%
Magic:  0/7        EV: 12    Int: 15    God:
Gold:   45         SH:  0    Dex: 15    Spells: 3/6 levels left

rFire    . . .     SeeInvis .   a - +1 dagger
rCold    . . .     Faith    .   (no shield)
rNeg     . . .     Spirit   +   b - +0 robe
rPois    .         Reflect  .   (no helmet)
rElec    .         Harm     .   (no cloak)
rCorr    .         Rampage  .   (no gloves)
Will     .....                  (no boots)
Stlth    +++.......             (no amulet)
HPRegen  0.05/turn              (no ring)
MPRegen  0.10/turn              (no ring)

@: very slightly contaminated
A: fangs 2, magic shield, antimagic bite, no potion heal 3
a: no special abilities


You were on level 2 of the Dungeon.
You visited 1 branch of the dungeon, and saw 2 of its levels.

You collected 45 gold pieces.

Inventory:

Hand Weapons
 a - a +1 dagger (weapon)
Armour
 b - a +0 robe (worn)
Jewellery
 f - a ring of fire
Scrolls
 c - 2 scrolls of identify
 e - 2 scrolls of noise
Potions
 d - a potion of invisibility


   Skills:
 + Level 0.2 Fighting
 * Level 1.4 Short Blades
 + Level 1.6 Dodging
 * Level 4.7 Stealth
 + Level 2.2 Spellcasting
 + Level 3.2 Hexes


You had 3 spell levels left.
You knew the following spells:

 Your Spells              Type           Power      Damage    Failure   Level
a - Corona                Hex            12%        N/A       6%          1
b - Ensorcelled Hibernat  Hex/Ice        12%        N/A       17%         2

Your spell library contained the following spells:

 Spells                   Type           Power      Damage    Failure   Level
 Confusing Touch          Hex            11%        N/A       17%         3
 Tukima's Dance           Hex            11%        N/A       17%         3
 Animate Skeleton         Necr           2%         N/A       22%         1
 Apportation              Tloc           2%         N/A       22%         1
 Summon Small Mammal      Summ           4%         N/A       22%         1
 Dazzling Flash           Conj/Hex       12%        N/A       34%         3


Dungeon Overview and Level Annotations

Branches:
Dungeon (2/15)

Altars:

Shops:
D:1 :


Innate Abilities, Weirdness & Mutations

You have extremely sharp teeth.
When hurt, damage is shared between your health and your magic reserves.
Your bite disrupts and absorbs the magic of your enemies.
Potions cannot restore your health.


Message History

d - a potion of invisibility You climb downwards.
A quokka comes into view.
Found a robe.
There is a stone staircase leading up here.
An endoplasm comes into view.
The helpless quokka fails to defend itself.
You impale the quokka!!
You kill the quokka!
The endoplasm quivers.
You hit the endoplasm. You bite the endoplasm. You drain its power.
The endoplasm is almost dead.
The endoplasm freezes you.
You are frozen.
You hit the endoplasm.
You kill the endoplasm!
No target in view!
No target in view!
No target in view!
Magic restored.
HP restored.
An iguana comes into view.
An iguana is nearby!
You see here a +0 robe.
The iguana hisses angrily.
The iguana bites you!
Found 8 gold pieces.
You hit the iguana but do no damage. The iguana bites you.
You are too injured to fight recklessly!
You are too injured to fight recklessly!
You see here a +0 robe.
Cast which spell? (? or * to list)
Aiming: Ensorcelled Hibernation (safe; 17% risk of failure)
Press: ? - help, Shift-Dir - straight line, f - iguana
Aim: an iguana (chance to affect: 47%)
You miscast Ensorcelled Hibernation.
You are very lightly contaminated with residual magic.
Nothing appears to happen.
The iguana bites you!
Ouch! That really hurt!
You die...

# #.# #.
#.#######
####.##<.......
........####.##
####.#..# .# #
#..# ##.###
#..# .....#
#..##.....#.
#..@l.......
#.###....... #.
$.....# #.
##..... #.
###.. .. # ##


You could see an iguana.

Vanquished Creatures
  5 endoplasms
  2 giant cockroaches (D:1)
  3 goblins (D:1)
  2 hobgoblins (D:1)
  8 jackals (D:1)
  A quokka (D:2)
  A ball python (D:1)
  A frilled lizard (D:1)
  5 kobolds (D:1)
  5 rats (D:1)
33 creatures vanquished.

Notes
Turn   | Place    | Note
-------+----------+-------------------------------------------
     0 | D:1      | 2tousent the Vine Stalker Enchanter began the quest for the
                  | Orb.
     0 | D:1      | Reached XP level 1. HP: 9/9 MP: 4/4
    81 | D:1      | Reached skill level 4 in Stealth
    81 | D:1      | Reached XP level 2. HP: 6/13 MP: 3/6
   437 | D:1      | Reached skill level 1 in Short Blades
   753 | D:1      | Learned a level 2 spell: Ensorcelled Hibernation
   889 | D:1      | Found Naguwar's Book Shoppe.
  1176 | D:1      | Reached XP level 3. HP: 14/16 MP: 5/7
  1906 | D:2      | Slain by an iguana

Illustrated notes

Levels and vault maps discovered:
D:1:      lightli_molten_gateway, layout_loops_cross, serial_shops, shop,
          nrook_mini_backslash
D:2:      layout_loops_ring, fountainhead, lemuel_tele_altar, uniq_robin

Skill      XL: |  1  2 |
---------------+-------+-----
Stealth        | 4 |  4.7
Short Blades   | 1 |  1.4
Fighting       | |  0.2
Dodging        | |  1.6
Spellcasting   | |  2.2
Hexes          | |  3.2

Action                   || total
-------------------------++-------
Melee: Dagger            ||   107
       Bite              ||    23
  Use: Scroll            ||     2
 Stab: Sleeping          ||     5
Armor: Robe              ||    13
Dodge: Dodged            ||    45

Table legend: (Time is in decaauts)
 A = Elapsed time spent in this place.
 B = Non-inter-level travel time spent in this place.
 C = Inter-level travel time spent in this place.
 D = Time resting spent in this place.
 E = Time spent auto-exploring this place.
 F = Levels seen in this place.
 G = Mean time per level.
                   A        B        C        D        E       F      G
               +--------+--------+--------+--------+--------+-----+--------+
         Total |   1900 |   1856 |     44 |      0 |   1659 |   2 |  950.0 |
       Dungeon |   1900 |   1856 |     44 |      0 |   1659 |   2 |  950.0 |
               +--------+--------+--------+--------+--------+-----+--------+

Top non-repeatable levels by time:
     D:1: 1832 daAuts
     D:2: 68 daAuts
